 Dungeon Crawl Stone Soup version 0.24-a0-586-g8e0e932 (webtiles) character file.

Game seed: 12138237364236829616, levelgen mode: deterministic

16068 COBRA the Cleaver (level 12, -1/98 HPs)
             Began as a Formicid Fighter on Sept 8, 2019.
             Was a High Priest of Okawaru.
             Slain by a five-headed hydra (8 damage)
             ... on level 13 of the Dungeon.
             The game lasted 00:28:07 (6459 turns).

COBRA the Cleaver (Formicid Fighter)                Turns: 6459, Time: 00:28:07

Health: -1/98      AC: 21    Str: 25    XL:     12   Next: 65%
Magic:  11/18      EV: 10    Int:  9    God:    Okawaru [*****.]
Gold:   602        SH: 13    Dex: 10    Spells: 11/11 levels left

rFire    . . .     SeeInvis +   b - +4 broad axe (flame)
rCold    . . .     Gourm    .   c - +1 shield
rNeg     . . .     Faith    .   r - +0 chain mail
rPois    .         Spirit   .   (helmet unavailable)
rElec    .         Reflect  .   o - +2 cloak {MR+}
rCorr    .         Harm     .   l - +1 pair of gloves
MR       ++...                  E - +2 pair of boots {Fly}
Stlth    ..........             (no amulet)
HPRegen  0.26/turn              k - ring of flight
MPRegen  0.16/turn              (no ring)

@: heroism, finesse, flying
A: permanent stasis, dig shafts and tunnels, four strong arms, antennae 3
a: Dig, Shaft Self, Heroism, Finesse, Renounce Religion, Stop Flying


You were on level 13 of the Dungeon.
You worshipped Okawaru.
Okawaru was extremely pleased with you.
You were hungry.

You visited 2 branches of the dungeon, and saw 16 of its levels.

You collected 838 gold pieces.
You spent 236 gold pieces at shops.

Inventory:

Hand Weapons
 a - a +4 battleaxe of freezing
 b - a +4 broad axe of flaming (weapon)
 v - a +0 war axe of chopping
 H - a +2 battleaxe of electrocution
Armour
 c - a +1 shield (worn)
 l - a +1 pair of gloves (worn)
 o - a +2 cloak of magic resistance (worn)
 r - a +0 chain mail (worn)
 C - a scarf of cloud immunity
 E - a +2 pair of boots of flying (worn)
Jewellery
 k - a ring of flight (left hand)
Wands
 i - a wand of paralysis (7)
 q - a wand of flame (21)
 s - a wand of iceblast (16)
 w - a wand of digging (3)
 F - a wand of enslavement (5)
Scrolls
 d - 7 scrolls of remove curse
 m - 2 scrolls of enchant armour
 x - 2 scrolls of magic mapping
 A - a scroll of amnesia
 D - a scroll of brand weapon
Potions
 e - a potion of magic
 g - 4 potions of lignification
 h - 2 potions of invisibility
 j - 2 potions of flight
 n - 2 potions of mutation
 p - a potion of curing
 t - 2 potions of ambrosia
 u - a potion of resistance
 z - a potion of might
Miscellaneous
 y - a phantom mirror
 G - a sack of spiders
Comestibles
 f - 16 rations


   Skills:
 - Level 10.3(15.3) Fighting
 * Level 14.4(19.4) Axes
 - Level 5.3(10.3) Armour
 - Level 5.8(10.8) Shields
 - Level 8.0 Invocations
 - Level 4.2 Evocations


You had 11 spell levels left.
You didn't know any spells.
Your spell library contained the following spells:

 Spells                   Type           Power        Failure   Level  Hunger
 Animate Skeleton         Necr           N/A          89%         1    ##.....
 Apportation              Tloc           #.....       89%         1    ##.....
 Confusing Touch          Hex            #.....       89%         1    ##.....
 Corona                   Hex            #......      89%         1    ##.....
 Summon Small Mammal      Summ           #...         89%         1    ##.....
 Ensorcelled Hibernation  Hex/Ice        #.....       96%         2    ###....
 Confuse                  Hex            #.......     99%         3    ####...
 Dazzling Spray           Conj/Hex       #.....       99%         3    ####...
 Tukima's Dance           Hex            #.......     99%         3    ####...
 Ice Form                 Ice/Tmut       #.......     100%        4    #####..
 Bolt of Magma            Conj/Fire/Erth #.........   100%        5    ######.
 Iskenderun's Battlesphe  Conj/Chrm      #.......     100%        5    ######.
 Metabolic Englaciation   Hex/Ice        #.........   100%        5    ######.
 Venom Bolt               Conj/Pois      #.........   100%        5    ######.
 Bolt of Cold             Conj/Ice       #.........   100%        6    #######
 Freezing Cloud           Conj/Ice/Air   #.........   100%        6    #######
 Iron Shot                Conj/Erth      #.........   100%        6    #######
 Ozocubu's Refrigeration  Ice            #.........   100%        6    #######
 Simulacrum               Ice/Necr       #.........   100%        6    #######
 Orb of Destruction       Conj           #.........   100%        7    #######
 Spellforged Servitor     Conj/Summ      #.........   100%        7    #######


Dungeon Overview and Level Annotations

Branches:
Dungeon (15/15)            Temple (1/1) D:5             Orc (0/2) D:9
 Vaults (0/5) D:14
   Lair: D:8-11      Depths: D:15

Altars:
Ashenzari
Cheibriados
Dithmenos
Gozag
Hepliaklqana
Makhleb
Okawaru
Qazlal
Sif Muna
Trog
Uskayaw
Vehumet
Wu Jian
Xom
Yredelemnul
Zin

Shops:
D:6 !=   D:7 (

Annotations:
D:10 exclusion: oklob plant
D:12 Kirke


Innate Abilities, Weirdness & Mutations

You cannot be hasted, slowed, berserked, paralysed or teleported.
You can dig through walls and to a lower floor.
Your four strong arms can wield two-handed weapons with a shield.
You have a pair of large antennae on your head. (SInv)


Message History

You block the shadow's attack. You block the wraith's attack.
You feel better. The five-headed hydra bites you.
* * * LOW HITPOINT WARNING * * *
The five-headed hydra closely misses you.
The five-headed hydra misses you.
The five-headed hydra bites you but does no damage.
The five-headed hydra bites you!
* * * LOW HITPOINT WARNING * * *
The shadow hits you.
* * * LOW HITPOINT WARNING * * *
You block the wraith's attack.
Okay, then.
Okay, then.
You feel better. The five-headed hydra bites you.
* * * LOW HITPOINT WARNING * * *
The five-headed hydra bites you but does no damage.
You block the five-headed hydra's attack.
The five-headed hydra closely misses you.
The five-headed hydra bites you!
You die...

...........#
...........#
..........# ...
.........# ..
#######.......# .
#..W..........#####
#.@D...............
#..W............>..
###############....
#.... { { #.{.. {
#...# { #W..# { { {
#...D .....#...
#....


You could see a five-headed hydra, a wraith and a shadow.

Vanquished Creatures
  A deep elf knight (D:14)
  A skeletal warrior (D:14)
  An unseen horror (D:12)
  2 deep elf magi (D:14)
  A manticore (D:13)
  3 cyclopes (D:12)
  An ugly thing (D:12)
  A gargoyle (D:12)
  5 yaktaurs (D:14)
  A redback zombie (D:14)
  3 kobold demonologists
  2 trolls
  2 hippogriffs
  A spriggan (D:7)
  A hog (D:13)
  A wyvern (D:12)
  2 hungry ghosts
  3 vampire mosquitoes (D:15)
  Edmund (D:6)
  2 water moccasins
  An acid dragon (D:12)
  2 orc warriors
  A black bear (D:13)
  An eye of draining (shapeshifter) (D:13)
  2 necrophages
  A phantom (D:7)
  4 sky beasts
  6 centaurs
  7 ogres
  A crocodile (D:12)
  6 big kobolds
  6 bullfrogs
  A wyvern zombie (D:12)
  A wyvern skeleton (D:14)
  2 scorpions
  3 killer bees (D:8)
  4 wights (D:7)
  5 howler monkeys
  2 crimson imps
  A bullfrog zombie (D:5)
  6 hounds
  A jelly (D:6)
  3 orc priests
  Crazy Yiuf (D:4)
  2 bullfrog skeletons
  5 centaur skeletons
  7 orc wizards
  3 centaur zombies (D:12)
  4 iguanas
  Ijyb (D:4)
  6 worker ants
  A killer bee zombie (D:7)
  A hound zombie (D:8)
  A hound skeleton (D:7)
  A howler monkey skeleton (D:4)
  13 adders
  4 shadow imps
  3 worms
  2 dart slugs
  4 leopard geckos
  38 orcs
  11 bats
  4 giant cockroaches
  9 goblins
  8 hobgoblins
  18 jackals
  20 kobolds
  2 quokkas
  4 frilled lizards
  A leopard gecko zombie (D:6)
  8 rats
284 creatures vanquished.

Vanquished Creatures (collateral kills)
  An ugly thing (D:13)
1 creature vanquished.

Grand Total: 285 creatures vanquished

Notes
Turn   | Place    | Note
-------+----------+-------------------------------------------
     0 | D:1      | COBRA the Formicid Fighter began the quest for the Orb.
     0 | D:1      | Reached XP level 1. HP: 18/18 MP: 1/1
    49 | D:1      | Reached XP level 2. HP: 19/24 MP: 2/2
   290 | D:2      | Found a shattered altar of Ashenzari.
   298 | D:2      | Reached skill level 3 in Axes
   356 | D:2      | Reached XP level 3. HP: 25/29 MP: 3/3
   493 | D:2      | Reached skill level 4 in Axes
   493 | D:2      | Reached XP level 4. HP: 35/35 MP: 4/4
   673 | D:3      | Noticed a bullfrog
   684 | D:3      | Killed a bullfrog
   684 | D:3      | Reached skill level 5 in Axes
   684 | D:3      | Reached XP level 5. HP: 29/41 MP: 5/5
   982 | D:3      | Reached XP level 6. HP: 20/47 MP: 6/6
  1062 | D:5      | Entered Level 5 of the Dungeon
  1084 | D:5      | Reached skill level 6 in Axes
  1335 | D:5      | Found a staircase to the Ecumenical Temple.
  1337 | D:5      | Noticed an ogre
  1378 | D:5      | Killed an ogre
  1385 | D:5      | HP: 1/47 [orc priest/+0 falchion (6)]
  1429 | Temple   | Entered the Ecumenical Temple
  1598 | Temple   | Became a worshipper of Warmaster Okawaru
  1652 | D:5      | Noticed a sky beast
  1666 | D:5      | Noticed an ogre
  1668 | D:5      | Killed a sky beast
  1668 | D:5      | Reached skill level 7 in Axes
  1668 | D:5      | Reached XP level 7. HP: 39/52 MP: 7/7
  1761 | D:4      | HP: 2/52 [orc wizard/magic dart (1)]
  2123 | D:5      | Reached skill level 8 in Axes
  2455 | D:5      | Reached * piety under Okawaru
  2470 | D:5      | Reached XP level 8. HP: 25/58 MP: 8/8
  2617 | D:4      | Noticed Ijyb
  2623 | D:4      | Killed Ijyb
  2677 | D:5      | Reached skill level 1 in Invocations
  2677 | D:5      | Reached skill level 1 in Evocations
  2798 | D:4      | Found a runed translucent door.
  2799 | D:4      | Noticed Crazy Yiuf
  2804 | D:4      | Killed Crazy Yiuf
  3163 | D:6      | Noticed Edmund
  3182 | D:6      | Killed Edmund
  3237 | D:6      | Found Cuqad's Distillery.
  3240 | D:6      | Bought a potion of curing for 33 gold pieces
  3253 | D:6      | Found Luigizoe's Jewellery Shoppe.
  3416 | D:6      | Found a hide-covered altar of Uskayaw.
  3472 | D:7      | Reached ** piety under Okawaru
  3472 | D:7      | Reached skill level 5 in Invocations
  3472 | D:7      | Reached XP level 9. HP: 43/64 MP: 9/12
  3726 | D:7      | Found Paleithre's Antique Weapon Shop.
  3729 | D:7      | Bought a glowing broad axe for 203 gold pieces
  3781 | D:7      | Reached skill level 5 in Fighting
  3877 | D:8      | Reached *** piety under Okawaru
  4070 | D:8      | Found a shimmering blue altar of Sif Muna.
  4126 | D:8      | Found a snail-covered altar of Cheibriados.
  4195 | D:8      | Reached XP level 10. HP: 72/79 MP: 13/16
  4370 | D:10     | Entered Level 10 of the Dungeon
  4447 | D:9      | Found an opulent altar of Gozag.
  4465 | D:9      | Found a staircase to the Orcish Mines.
  4616 | D:9      | You fall into a shaft and drop 3 floors!
  4632 | D:12     | Noticed a cyclops
  4647 | D:12     | Killed a cyclops
  4647 | D:12     | Reached **** piety under Okawaru
  4662 | D:12     | Noticed a gargoyle
  4670 | D:12     | Reached skill level 10 in Fighting
  4672 | D:12     | Killed a gargoyle
  4971 | D:11     | Reached ***** piety under Okawaru
  5033 | D:10     | Noticed an oklob plant
  5127 | D:13     | Noticed a red ugly thing
  5139 | D:12     | Noticed a kobold demonologist
  5147 | D:12     | Reached skill level 5 in Armour
  5147 | D:12     | Reached skill level 5 in Shields
  5152 | D:12     | Killed a kobold demonologist
  5152 | D:12     | Reached XP level 11. HP: 85/92 MP: 15/17
  5167 | D:12     | Reached skill level 9 in Axes
  5181 | D:12     | Noticed a cyclops
  5207 | D:12     | Killed a cyclops
  5209 | D:12     | Noticed a red ugly thing
  5211 | D:12     | Reached skill level 10 in Axes
  5219 | D:12     | Killed a red ugly thing
  5219 | D:12     | Received a gift from Okawaru
  5392 | D:12     | Noticed an unseen horror
  5397 | D:12     | Killed an unseen horror
  5397 | D:12     | Reached skill level 11 in Axes
  5439 | D:12     | Noticed a cyclops
  5446 | D:12     | Killed a cyclops
  5490 | D:13     | Killed a red ugly thing
  5528 | D:12     | Noticed Kirke
  5710 | D:12     | Noticed a manticore
  5716 | D:12     | Noticed a lindwurm
  5720 | D:12     | You fall into a shaft and drop 2 floors!
  5726 | D:14     | Reached skill level 12 in Axes
  5856 | D:14     | You fall into a shaft and drop 1 floor!
  5856 | D:15     | Entered Level 15 of the Dungeon
  5860 | D:15     | Received a gift from Okawaru
  5871 | D:15     | Got a smoking broad axe {god gift}
  5872 | D:15     | Identified the +3 broad axe of Joismuj {protect, *Contam
                  | rC+ rN+ Stlth+} (Okawaru gifted it to you on level 15 of
                  | the Dungeon)
  5900 | D:14     | Noticed a deep elf mage
  5910 | D:14     | Reached XP level 12. HP: 77/98 MP: 10/18
  5919 | D:14     | Reached skill level 13 in Axes
  5921 | D:14     | Found a gate to the Vaults.
  5941 | D:14     | Noticed a deep elf knight
  5945 | D:14     | Received a gift from Okawaru
  5963 | D:14     | Killed a deep elf knight
  6021 | D:14     | Reached skill level 14 in Axes
  6270 | D:14     | Noticed a skeletal warrior
  6286 | D:14     | Killed a skeletal warrior
  6426 | D:13     | Noticed an eight-headed hydra
  6458 | D:13     | HP: 4/98 [shadow (6)]
  6459 | D:13     | Slain by a five-headed hydra

Levels and vault maps discovered:
D:1:      dpeg_arrival_morbid_curiosity, layout_basic
D:2:      layout_basic, old_standard_altar, nicolae_overflow_hidden_temple
D:3:      layout_basic, first_ration, minmay_misc_feat_more_columns,
          serial_bayou_pond_e, chequers_serial_rivers_micro_a
D:4:      layout_rooms, uniq_ijyb, uniq_crazy_yiuf_cottage
D:5:      layout_cave_pools, nicolae_ru_great_annihilating_truth, temple_pool_b
D:6:      layout_loops_ring, eat_drink_and_be_merry_uskayaw, serial_shops, shop,
          kennysheep_mini, hangedman_decor_push, minmay_manual_monolith,
          uniq_edmund
D:7:      layout_basic, serial_shops, nicolae_shop_behind_doors, the_bakery
D:8:      layout_basic, old_standard_altar, serial_shops,
          nicolae_shop_window_shopping, cheibriados_altar_1
D:9:      minmay_klotski, layout_basic, grunt_gozag_breadcrumbs,
          chequers_temple_overflow_statue_of_worship, orc_0_dummy
D:10:     layout_roguey, dpeg_oklobed_lair, serial_shops,
          nicolae_shop_statue_plus
D:11:     layout_loops_corners, grunt_decor_fettered, yredelemnul_altar_generic
D:12:     minmay_the_grid_octo_tiled_squarecenter [minmay_the_grid_octo_focus,
          minmay_the_grid_octo_tetromino_candy, minmay_the_grid_octo_chip,
          minmay_the_grid_octo_odd_swirl,
          minmay_the_grid_square_5x5_megaprize_hollow,
          minmay_the_grid_square_5x5_three_walls,
          minmay_the_grid_square_5x5_two_walls_a,
          minmay_the_grid_square_5x5_shrine1,
          minmay_the_grid_square_5x5_intrusive_squares], layout_rooms,
          uniq_kirke
D:13:     layout_grid_maze, serial_shops, nicolae_shop_crystal
D:14:     layout_gridville, hangedman_vaults_entry_quadrant_bands,
          kennysheep_flooded_box
D:15:     hangedman_depths_entry_try_elsewhere_first, layout_rooms,
          chequers_decorated_corner, minmay_hollow_rounded_squares,
          uniq_jorgrun, uniq_azrael, uniq_nessos
Temple:   dpeg_chambers_temple

Skill      XL: |  1  2  3  4  5  6  7  8  9 10 11 12 |
---------------+-------------------------------------+-----
Axes           | 3 4 5 7 8 12 14 | 14.4
Invocations    | 5 8 |  8.0
Evocations     | 4 |  4.2
Fighting       | 7 10 | 10.3
Shields        | 5 |  5.8
Armour         | 5 |  5.3

Action                   |  1- 3 |  4- 6 |  7- 9 | 10-12 || total
-------------------------+-------+-------+-------+-------++-------
Melee: War axe           |    73 |   174 |   311 |       ||   558
       Broad axe         |       |       |    53 |   181 ||   234
       Battleaxe         |       |       |       |   179 ||   179
       Unarmed           |       |       |       |     3 ||     3
Invok: Heroism           |       |       |     6 |    10 ||    16
       Finesse           |       |       |       |     3 ||     3
 Abil: Shaft Self        |       |       |       |     1 ||     1
Evoke: Wand              |       |       |     2 |     3 ||     5
  Use: Scroll            |       |     9 |    10 |     8 ||    27
       Potion            |       |     8 |     2 |     6 ||    16
 Stab: Paralysed         |       |       |     4 |     2 ||     6
  Eat: Chunk             |       |     2 |     9 |     7 ||    18
       Ration            |       |       |       |     2 ||     2
Armor: Scale mail        |    26 |   101 |    53 |       ||   180
       Skin              |       |       |    11 |       ||    11
       Chain mail        |       |       |    89 |   153 ||   242
Dodge: Dodged            |    22 |    69 |   105 |    75 ||   271
Block: Shield            |    38 |   128 |   187 |   198 ||   551

Table legend:
 A = Non-vault XP
 B = Vault XP
 C = Vault XP percentage of total XP
 D = Non-vault monster count
 E = Vault monster count
 F = Vault count percentage of total count
                 A         B        C        D         E       F
            +---------+---------+-------+---------+---------+-------
      Total |   13674 |    9281 |  40.4 |     242 |      43 |  15.1
            +---------+---------+-------+---------+---------+-------
        D:1 |      30 |      10 |  25.0 |      15 |       5 |  25.0
        D:2 |      63 |       0 |   0.0 |      24 |       0 |   0.0
        D:3 |     273 |       0 |   0.0 |      37 |       0 |   0.0
        D:4 |     216 |      76 |  26.0 |      16 |       2 |  11.1
        D:5 |     761 |      35 |   4.4 |      24 |       1 |   4.0
        D:6 |     321 |     166 |  34.1 |      12 |       1 |   7.7
        D:7 |    1107 |     224 |  16.8 |      25 |       1 |   3.8
        D:8 |    1016 |       0 |   0.0 |      15 |       0 |   0.0
        D:9 |     289 |       0 |   0.0 |       4 |       0 |   0.0
       D:11 |     552 |       0 |   0.0 |      15 |       0 |   0.0
       D:12 |    5050 |    1976 |  28.1 |      30 |      14 |  31.8
       D:13 |    1482 |     202 |  12.0 |       6 |       1 |  14.3
       D:14 |    1810 |    6592 |  78.5 |      12 |      18 |  60.0
       D:15 |     704 |       0 |   0.0 |       7 |       0 |   0.0
            +---------+---------+-------+---------+---------+-------
